 Dungeon Crawl Stone Soup version 0.25.0-9-g26727b657a (webtiles) character file.

Game seed: 10127803259121227505

1615357 vurker the Conqueror (level 27, 323/323 HPs)
             Began as an Ogre Skald on June 17, 2020.
             Was a High Priest of Trog.
             Escaped with the Orb
             ... and 3 runes!
             The game lasted 02:27:40 (82655 turns).

vurker the Conqueror (Ogre Skald)                  Turns: 82655, Time: 02:27:41

Health: 323/323    AC: 37    Str: 30 (32) XL:     27
Magic:  8/8        EV: 16    Int: 14      God:    Trog [*****.]
Gold:   8062       SH: 26    Dex:  8      Spells: 30/30 levels left

rFire    + + .     SeeInvis +   a - +9 broad axe (antimagic)
rCold    + + +     Gourm    .   i - +0 tower shield
rNeg     + . .     Faith    .   Y - +12 gold dragon scales
rPois    +         Spirit   .   f - +1 hat {MR+}
rElec    +         Reflect  +   k - +1 cloak of Starlight {rElec rC+ EV+4 Stlth--}
rCorr    .         Harm     .   (gloves unavailable)
MR       +++..                  (boots unavailable)
Stlth    ..........             Q - amulet of reflection
HPRegen  0.63/turn              V - ring of Fuital {rN+ Slay+4 SInv}
MPRegen  0.11/turn              G - ring of protection from fire

@: no status effects
A: large, unfitting armour, claws 1, horns 1, iridescent scales 1, thin metallic
scales 1, blurry vision 1, cold resistance 1, deformed body, inhibited
regeneration, tough skin 1, evolution 1, no potion heal 1
0: Orb of Zot
}: 3/15 runes: barnacled, silver, gossamer
a: Berserk, Trog's Hand, Brothers in Arms, Renounce Religion


You escaped.
You worshipped Trog.
Trog was extremely pleased with you.
You were very full.

You visited 9 branches of the dungeon, and saw 49 of its levels.
You also visited: Sewer, Bailey, Gauntlet and Ice Cave.

You collected 9378 gold pieces.
You spent 1316 gold pieces at shops.

Inventory:

Hand Weapons
 a - a +9 antimagic broad axe (weapon)
   (Trog gifted it to you on level 4 of the Vaults)
 b - a +9 vorpal broad axe
   (Trog gifted it to you on level 3 of the Depths)
Missiles
 F - 9 throwing nets (quivered)
 I - 138 large rocks
 M - 91 silver javelins
Armour
 f - a +1 hat of magic resistance (worn)
   (You found it in an ice cave)
 i - a +0 tower shield (worn)
   (You found it on level 7 of the Dungeon)
 k - the +1 cloak of Starlight (worn) {rElec rC+ EV+4 Stlth--}
   (You acquired it on level 12 of the Dungeon)

   It affects your evasion (+4).
   It protects you from cold.
   It insulates you from electricity.
   It makes you much less stealthy.
 D - the +4 robe of Augmentation {Str+4 Int+4 Dex+4}
   (You found it on level 4 of the Realm of Zot)

   It affects your strength (+4).
   It affects your intelligence (+4).
   It affects your dexterity (+4).
 Y - +12 gold dragon scales (worn)
   (You found it on level 2 of the Depths)
Jewellery
 B - an uncursed ring of resist corrosion
   (You found it on level 3 of the Vaults)
 G - a ring of protection from fire (right claw)
   (You found it on level 2 of the Lair of Beasts)
 Q - an amulet of reflection (around neck)
   (You bought it in a shop on level 2 of the Orcish Mines)
 V - the ring of Fuital (left claw) {rN+ Slay+4 SInv}
   (You took it off an orc knight on level 5 of the Vaults)

   [ring of slaying]

   It affects your accuracy and damage with ranged weapons and melee attacks
   (+4).
   It protects you from negative energy.
   It lets you see invisible.
Wands
 c - a wand of disintegration (37)
   (You found it on level 6 of the Lair of Beasts)
 d - a wand of iceblast (21)
   (You took it off Urug on level 4 of the Lair of Beasts)
 h - a wand of polymorph (27)
   (You found it on level 12 of the Dungeon)
 t - a wand of flame (142)
   (You found it on level 10 of the Dungeon)
 u - a wand of paralysis (19)
   (You found it in a Gauntlet)
 v - a wand of digging (32)
   (You found it on level 4 of the Dungeon)
 x - a wand of acid (9)
   (You found it on level 4 of the Depths)
 L - a wand of enslavement (8)
   (You found it on level 2 of the Lair of Beasts)
 W - a wand of clouds (11)
   (You found it on level 4 of the Spider Nest)
Scrolls
 g - 6 scrolls of immolation
 j - 31 scrolls of remove curse
 o - a scroll of magic mapping
 r - 5 scrolls of blinking
 w - 12 scrolls of identify
 S - 28 scrolls of teleportation
 T - 5 scrolls of fear
 U - 12 scrolls of fog
 X - 2 scrolls of silence
Potions
 l - 6 potions of magic
 m - 4 potions of resistance
 n - 14 potions of curing
 p - 6 potions of lignification
 q - 6 potions of cancellation
 s - 2 potions of haste
 A - 11 potions of flight
 C - 6 potions of ambrosia
 N - 5 potions of might
 R - 7 potions of invisibility
Miscellaneous
 y - a tin of tremorstones (3/3)
   (You found it on level 13 of the Dungeon)
 P - a lightning rod (4/4)
   (You found it in a Gauntlet)
Comestibles
 e - 71 rations


   Skills:
 O Level 27 Fighting
 - Level 18.0 Axes
 + Level 20.7 Throwing
 + Level 19.9 Armour
 + Level 22.6 Dodging
 - Level 15.0 Shields
 - Level 2.4 Spellcasting
   Level 2.6 Charms
 - Level 5.0 Evocations


You had 30 spell levels left.
You didn't know any spells.
Your spell library contained the following spells:

 Spells                   Type           Power        Failure   Level  Hunger
 Infusion                 Chrm           #...         58%         1    #......
 Song of Slaying          Chrm           #.......     75%         2    ###....
 Shroud of Golubria       Chrm/Tloc      #.....       89%         2    ###....
 Ozocubu's Armour         Chrm/Ice       #.......     98%         3    ###....
 Spectral Weapon          Hex/Chrm       #.......     98%         3    ###....
 Recall                   Summ/Tloc      N/A          100%        3    ###....
 Animate Dead             Necr           N/A          100%        4    #####..
 Ice Form                 Ice/Tmut       #.......     100%        4    #####..
 Aura of Abjuration       Summ           #.........   100%        5    ######.
 Borgnjor's Vile Clutch   Necr/Erth      #.........   100%        5    ######.
 Metabolic Englaciation   Hex/Ice        #.........   100%        5    ######.
 Summon Demon             Summ           #.........   100%        5    ######.
 Summon Forest            Summ/Tloc      #.........   100%        5    ######.
 Summon Mana Viper        Hex/Summ       #.......     100%        5    ######.
 Death Channel            Necr           #.........   100%        6    #######
 Freezing Cloud           Conj/Ice/Air   #.........   100%        6    #######
 Ozocubu's Refrigeration  Ice            #.........   100%        6    #######
 Shadow Creatures         Summ           N/A          100%        6    #######
 Simulacrum               Ice/Necr       #.........   100%        6    #######


Dungeon Overview and Level Annotations

Branches:
Dungeon (15/15)            Temple (0/1) D:5            Lair (6/6) D:10
 Shoals (4/4) Lair:4       Spider (4/4) Lair:3        Slime (0/5) Lair:6
    Orc (2/2) D:10            Elf (3/3) Orc:2        Vaults (5/5) D:14
  Crypt (0/3) Vaults:2     Depths (5/5) D:15            Zot (5/5) Depths:5
  Sewer (visited)          Bailey (visited)           IceCv (visited)
Gauntlet (visited)

Altars:
Cheibriados
Dithmenos
Fedhas
Gozag
Hepliaklqana
Kikubaaqudgha
Makhleb
Nemelex Xobeh
Qazlal
Trog
Wu Jian
Xom
Yredelemnul
The Shining One
Jiyva
Lugonu

Shops:
Orc:2 *:(}*   Elf:2 =   Elf:3 %   Shoals:1 (   Vaults:2 ?   Vaults:3 !
Depths:4 [

Portals:
Hell: Depths:1 Depths:2 Depths:3 Depths:4 Depths:5
Abyss: Depths:4
Pandemonium: Depths:1 Depths:2 Depths:3 Depths:4
Ziggurat: Depths:4

Annotations:
Lair:2 exclusion: oklob plant
Lair:3 1 runed translucent door, Irhican's ghost, journeyman MiBe
Lair:4 exclusion: oklob plant


Innate Abilities, Weirdness & Mutations

You are too large for most types of armour.
You have tough skin. (AC +1)
You have sharp fingernails.
You have a pair of small horns on your head.
You are partially covered in iridescent scales. (AC +2)
You are partially covered in thin metallic scales. (AC +2)
Scrolls take you a little longer to read.
Your flesh is cold resistant. (rC+)
Armour fits poorly on your strangely shaped body.
You do not regenerate when monsters are visible.
You evolve.
Potions are less effective at restoring your health.


Message History

You feel yourself slow down.
There is a stone staircase leading up here.
You climb upwards.
There is a stone staircase leading down here.
You feel yourself speed up.
(D) Dungeon (T) Temple (L) Lair (A) Shoals (N) Spider Nest (M) Slime Pits (O) Orcish Mines (E) Elven Halls (V) Vaults (C) Crypt (U) Depths (H) Hell (Z) Zot
Where to? (Enter - D:1 @ (x,y), ? - help)
A Brimstone Fiend comes into view.
You slash the Brimstone Fiend!
The Brimstone Fiend's magic leaks into the air.
You headbutt the Brimstone Fiend, but do no damage.
You slash the Brimstone Fiend!
The Brimstone Fiend's magic leaks into the air.
You barely miss the Brimstone Fiend.
You headbutt the Brimstone Fiend, but do no damage.
You block the Brimstone Fiend's attack. x2
The Brimstone Fiend hits you but does no damage.
You hit the Brimstone Fiend.
The Brimstone Fiend's magic leaks into the air.
You headbutt the Brimstone Fiend. You slice the Brimstone Fiend!!
The Brimstone Fiend's magic leaks into the air.
You barely miss the Brimstone Fiend. You headbutt the Brimstone Fiend!
You block the Brimstone Fiend's attack. x2
The Brimstone Fiend closely misses you.
You slice the Brimstone Fiend!!
The Brimstone Fiend's magic leaks into the air.
Your headbutt misses the Brimstone Fiend.
You carve the Brimstone Fiend like a ham!!!
You kill the Brimstone Fiend!
Trog accepts your kill.
No target in view!
(D) Dungeon (T) Temple (L) Lair (A) Shoals (N) Spider Nest (M) Slime Pits (O) Orcish Mines (E) Elven Halls (V) Vaults (C) Crypt (U) Depths (H) Hell (Z) Zot
Where to? (Enter - D:1 @ (x,y), ? - help)
There is a stone staircase leading up here.
You climb upwards.
There is a stone staircase leading down here.
There is a stone staircase leading up here.
You climb upwards.
There is a stone staircase leading down here.
Your extra speed is starting to run out.
You feel yourself slow down.
There is a staircase leading out of the dungeon here.
You have escaped!

######### ##########.............
......# ###########.####........
......####............# #.#......
.........#..♣♣♣♣♣♣♣♣♣.###.#......
.........#.♣..PP..PP♣..##.#......
..##.....#.♣...P..PP♣.....#.)....
..##.......♣P...PP..♣.#.#.#......
..##.......♣PP...P..♣............
..#######..♣..P.@.PP♣......#####.
..#######..♣..PP...P♣............
........##.♣PP..P...♣............
........##.♣PP..PP..♣............
........##.♣♣♣♣♣♣♣♣♣.............
........##.................######
.........###..............## #
.........# ####...........##### #
.........# ###...............###


There were no monsters in sight!

Vanquished Creatures
  6 orbs of fire
  3 ancient liches
  Mara (Shoals:3)
  A juggernaut (Depths:4)
  A shard shrike (Zot:2)
  6 Killer Klowns (Zot:5)
  Bai Suzhen (D:15)
  Margery (Depths:4)
  Nikola (Shoals:2)
  14 golden dragons
  A curse toe (Zot:5)
  Jory (Vaults:4)
  A bone dragon (Depths:5)
  A Brimstone Fiend (D:3)
  5 electric golems
  3 liches
  24 tentacled monstrosities
  26 Orb Guardians
  An Ice Fiend (IceCv)
  2 deep elf blademasters (Elf:3)
  Asterion (Depths:3)
  2 deep elf master archers (Elf:3)
  3 titans
  9 quicksilver dragons
  A quicksilver dragon (shapeshifter) (Depths:3)
  Polyphemus (Shoals:2)
  2 krakens
  13 death cobs
  5 sphinxes
  Gastronok (Orc:1)
  Donald (Spider:3)
  9 shadow dragons
  Ilsuiw (Shoals:2)
  14 storm dragons
  11 tengu reavers
  5 draconian monks
  7 deep elf sorcerers
  5 iron dragons
  11 ghost moths
  6 vault wardens
  3 draconian knights
  8 fire giants
  Aizul (Elf:2)
  13 frost giants
  3 draconian scorchers
  3 draconian shifters
  5 emperor scorpions
  Louise (Elf:2)
  A balrug (Zot:5)
  5 deep elf elementalists
  7 spriggan defenders
  2 draconian annihilators
  7 draconian stormcallers
  23 stone giants
  14 ironheart preservers
  2 war gargoyles (Vaults:5)
  5 entropy weavers
  6 vampire knights
  11 red draconians
  5 deep elf demonologists
  19 very ugly things
  6 spark wasps
  9 black draconians
  10 deep elf annihilators
  7 yellow draconians
  9 green draconians
  14 purple draconians
  A minotaur (Gauntlet)
  6 white draconians
  8 deep elf death magi
  6 merfolk impalers
  10 ettins
  Snorg (Lair:6)
  7 merfolk javelineers
  4 deep elf high priests
  26 vault guards (Vaults:5)
  23 ogre magi
  14 fire dragons
  12 great orbs of eyes
  4 hydras
  21 yaktaur captains
  10 centaur warriors
  7 spriggan air magi
  18 ice dragons
  3 rakshasas
  Erolcha (D:13)
  6 catoblepae
  An anaconda (shapeshifter) (Depths:5)
  4 death knights
  7 alligator snapping turtles
  5 merfolk avatars
  4 merfolk aquamancers
  A two-headed ogre (shapeshifter) (Depths:3)
  19 death yaks
  2 satyrs (Shoals:3)
  A death yak (shapeshifter) (Depths:4)
  27 dancing weapons
  58 two-headed ogres
  13 deep troll earth magi
  2 tengu warriors
  Urug (Lair:4)
  8 deep troll shamans
  A spriggan berserker (Depths:5)
  4 shadow wraiths
  27 deep elf knights
  6 hell knights
  4 sun demons
  A soul eater (D:15)
  9 skeletal warriors
  A fire crab (Shoals:2)
  A fire crab (shapeshifter) (Vaults:4)
  7 iron trolls
  16 sea snakes
  2 golden dragon zombies (Depths:3)
  4 wizards
  A shadow demon (Depths:3)
  37 deep trolls
  6 flayed ghosts
  A swamp dragon (shapeshifter) (Vaults:5)
  3 glowing orange brains
  A death drake (shapeshifter) (Gauntlet)
  A glowing orange brain (shapeshifter) (Gauntlet)
  4 unseen horrors
  An orange crystal statue (Zot:5)
  15 ironbrand convokers
  33 harpies
  6 phantasmal warriors
  28 deep elf archers
  13 orc knights
  An orb spider (shapeshifter) (Depths:3)
  5 necromancers
  2 frost giant zombies
  4 orc sorcerers
  46 ugly things
  15 orb spiders
  72 deep elf magi
  40 wolf spiders
  7 cyclopes
  13 manticores
  A manticore (shapeshifter) (Vaults:2)
  A fire giant zombie (Vaults:5)
  12 fauns
  13 elephants
  A stone giant skeleton (Vaults:5)
  32 moths of wrath
  15 merfolk sirens
  A cyclops (shapeshifter) (Vaults:2)
  A fire giant skeleton (Vaults:3)
  A water nymph (shapeshifter) (Depths:2)
  Joseph (D:7)
  An ice statue (IceCv)
  5 black mambas
  12 vault sentinels
  6 centaur zombies
  2 eyes of devastation (shapeshifter)
  2 human skeletons
  6 spiny frogs
  A titan simulacrum (Vaults:5)
  A storm dragon simulacrum (Depths:3)
  A gargoyle (D:11)
  A kobold demonologist (D:14)
  6 water nymphs
  A torpor snail (Lair:6)
  3 rime drakes
  2 rime drakes (shapeshifter)
  10 freezing wraiths
  8 komodo dragons
  A yaktaur (shapeshifter) (Vaults:2)
  48 yaktaurs
  12 demonic crawlers
  2 anaconda simulacra (IceCv)
  3 tengu conjurers
  4 ice devils (IceCv)
  A golden dragon simulacrum (IceCv)
  A komodo dragon (shapeshifter) (Depths:4)
  2 jumping spiders (shapeshifter)
  9 trolls
  8 polar bears
  A troll (shapeshifter) (Depths:3)
  23 jumping spiders
  29 merfolk
  A tengu simulacrum (Depths:3)
  4 wind drakes
  17 hippogriffs
  A queen bee (shapeshifter) (D:15)
  12 blink frogs
  A sphinx simulacrum (Depths:3)
  16 hornets
  4 snapping turtles
  A raiju (shapeshifter) (D:14)
  16 dream sheep
  An elf zombie (Depths:3)
  A raiju (Gauntlet)
  2 frost giant simulacra
  73 redbacks
  26 slime creatures
  A redback (shapeshifter) (Depths:3)
  A spriggan (shapeshifter) (D:15)
  2 ynoxinuls
  A vampire (D:12)
  5 wraiths
  8 spriggans
  2 air elementals
  36 tarantellas
  A dire elephant simulacrum (IceCv)
  23 water elementals
  A tarantella (shapeshifter) (Vaults:5)
  3 wyverns
  4 hogs (D:7)
  A human (D:7)
  40 yaks
  8 basilisks
  4 fire elementals
  3 hungry ghosts
  A steam dragon (Gauntlet)
  8 fire bats
  A yaktaur simulacrum (Vaults:3)
  12 vampire mosquitoes
  A chaos spawn (D:10)
  A death yak simulacrum (IceCv)
  A swamp worm (shapeshifter) (Vaults:1)
  A harpy simulacrum (IceCv)
  A warg (Orc:1)
  3 acid dragons
  An iron troll simulacrum (IceCv)
  A warg (shapeshifter) (D:15)
  Edmund (D:4)
  6 hydra simulacra (IceCv)
  16 water moccasins
  2 floating eyes
  8 porcupines
  4 black bears
  3 sky beasts
  30 orc warriors
  7 ice beasts
  3 ettin simulacra (IceCv)
  2 eyes of draining
  20 boggarts
  58 ogres
  A tengu (shapeshifter) (Depths:3)
  17 centaurs
  A crocodile (shapeshifter) (Gauntlet)
  13 crocodiles
  15 bullfrogs
  7 gnoll sergeants (Bailey)
  2 big kobolds (D:10)
  2 human zombies
  12 earth elementals
  A wyvern skeleton (D:14)
  5 scorpions
  An elephant simulacrum (IceCv)
  7 wights
  17 killer bees
  A human simulacrum (Vaults:1)
  2 bullfrog zombies
  9 crimson imps
  3 quasits
  3 centaur skeletons
  11 hounds
  4 iguanas
  17 orc priests
  6 gnoll shamans
  7 jellies
  A bullfrog skeleton (D:13)
  An iron imp (Depths:1)
  Terence (D:3)
  26 orc wizards
  Natasha (D:3)
  8 troll simulacra (IceCv)
  14 worker ants
  A wolf simulacrum (IceCv)
  2 centaur simulacra (IceCv)
  A hound zombie (D:8)
  2 hound skeletons
  A howler monkey skeleton (D:8)
  A howler monkey zombie (D:7)
  19 gnolls
  13 adders
  A naga simulacrum (IceCv)
  4 ogre simulacra (IceCv)
  3 shadow imps
  6 white imps
  An ooze (shapeshifter) (Depths:3)
  4 ufetubi (IceCv)
  4 oozes
  An adder zombie (D:6)
  An adder skeleton (D:4)
  A worm (D:2)
  2 dart slugs
  8 leopard geckos
  76 orcs
  4 ball pythons
  6 bats
  12 giant cockroaches
  2 gnoll zombies (D:5)
  13 goblins
  10 hobgoblins
  6 jackals
  A quokka (D:12)
  16 frilled lizards
  15 kobolds
  A leopard gecko zombie (D:7)
  2 quokka skeletons
  9 rats
  A crawling corpse (Elf:3)
  3 fungi
  25 plants
  3 tentacles (Shoals:2)
2486 creatures vanquished.

Vanquished Creatures (collateral kills)
  A golden dragon (Zot:3)
  A tentacled monstrosity (Depths:2)
  Jorgrun (D:13)
  A deep elf blademaster (Elf:3)
  A tengu reaver (Depths:2)
  A vault warden (Vaults:4)
  A ghost moth (Spider:1)
  A draconian scorcher (Zot:3)
  A draconian shifter (Zot:3)
  A deep elf elementalist (Elf:3)
  An entropy weaver (Spider:1)
  A green draconian (Zot:3)
  A white draconian (Zot:3)
  A deep elf death mage (Elf:3)
  A merfolk javelineer (Shoals:4)
  2 merfolk impalers (Shoals:4)
  2 vault guards (Vaults:4)
  A rakshasa (Depths:2)
  A catoblepas (Lair:6)
  A merfolk aquamancer (Shoals:4)
  An ogre mage (Orc:2)
  7 two-headed ogres (Orc:2)
  4 death yaks
  A deep troll shaman (Vaults:4)
  A large abomination (Elf:3)
  Sonja (Lair:5)
  A deep elf knight (Elf:3)
  A sea snake (Shoals:1)
  5 orb spiders
  4 harpies
  A deep elf archer (Elf:3)
  4 wolf spiders
  A merfolk siren (Shoals:4)
  A vault sentinel (Vaults:4)
  A water nymph (Shoals:4)
  6 jumping spiders
  3 yaks (Lair:6)
  5 redbacks
  A water elemental (Shoals:1)
  3 tarantellas
  4 ogres (Orc:2)
  A gnoll sergeant (Bailey)
  A gnoll shaman (Bailey)
  A gnoll (Bailey)
  An orc (Vaults:4)
82 creatures vanquished.

Vanquished Creatures (others)
  A golden dragon (Depths:3)
  A quicksilver dragon (Zot:3)
  An Executioner (Zot:3)
  A merfolk aquamancer (Shoals:2)
  A deep elf mage (Elf:1)
  A wizard (D:15)
  2 merfolk
  A jumping spider (Spider:4)
  A blink frog (Lair:6)
  A water elemental (Elf:3)
  An orc warrior (Vaults:2)
  A boggart (Vaults:3)
  2 white imps (IceCv)
  4 ufetubi (IceCv)
  3 fungi
  23 plants
  8 tentacles
53 creatures vanquished.

Grand Total: 2621 creatures vanquished

Notes
Turn   | Place    | Note
-------+----------+-------------------------------------------
     0 | D:1      | vurker the Ogre Skald began the quest for the Orb.
     0 | D:1      | Reached XP level 1. HP: 22/22 MP: 3/3
   146 | D:1      | Reached skill level 3 in Fighting
   228 | D:1      | Reached XP level 2. HP: 31/31 MP: 5/5
   645 | D:1      | Reached XP level 3. HP: 34/37 MP: 6/6
  1824 | D:2      | Reached XP level 4. HP: 23/48 MP: 7/7
  2510 | D:3      | Noticed Terence
  2551 | D:3      | Killed Terence
  2551 | D:3      | Reached skill level 4 in Fighting
  2911 | D:3      | Found a faded altar of an unknown god.
  2927 | D:3      | Became a worshipper of Trog the Wrathful
  2927 | D:3      | Reached * piety under Trog
  3273 | D:3      | Reached XP level 5. HP: 55/55 MP: 8/8
  3533 | D:3      | Noticed Natasha
  3547 | D:3      | Killed Natasha
  3878 | D:4      | Found a glowing drain.
  4007 | Sewer    | Entered a sewer
  4110 | Sewer    | Reached ** piety under Trog
  4288 | Sewer    | Reached skill level 5 in Fighting
  4288 | Sewer    | Reached skill level 5 in Axes
  4288 | Sewer    | Reached XP level 6. HP: 66/66 MP: 9/9
  5404 | D:4      | Noticed Edmund
  5416 | D:4      | Killed Edmund
  5416 | D:4      | Reached skill level 6 in Fighting
  5416 | D:4      | Reached XP level 7. HP: 75/75 MP: 10/10
  5883 | D:5      | Entered Level 5 of the Dungeon
  6148 | D:5      | Found a staircase to the Ecumenical Temple.
  6314 | D:5      | Reached skill level 7 in Fighting
  6578 | D:5      | Reached XP level 8. HP: 77/87 MP: 11/11
  6652 | D:5      | Reached *** piety under Trog
  7462 | D:5      | Found a basalt altar of Yredelemnul.
  8013 | D:6      | Reached skill level 8 in Fighting
  8615 | D:6      | Found a hazy altar of Hepliaklqana.
  8745 | D:6      | Reached XP level 9. HP: 94/97 MP: 12/12
  8929 | D:6      | Found a stormy altar of Qazlal.
  8998 | D:6      | Reached skill level 9 in Fighting
  9107 | D:6      | Found a glowing golden altar of the Shining One.
  9109 | D:6      | Found an ornate altar of the Wu Jian Council.
  9590 | D:6      | Found an ancient bone altar of Kikubaaqudgha.
  9641 | D:7      | Noticed Joseph
  9650 | D:7      | Killed Joseph
  9650 | D:7      | Reached skill level 10 in Axes
  9850 | D:7      | Found a burning altar of Makhleb.
  9880 | D:6      | Reached skill level 1 in Shields
 10345 | D:7      | Reached skill level 10 in Fighting
 10372 | D:7      | Reached XP level 10. HP: 16/111 MP: 13/13
 10834 | D:8      | Noticed a two-headed ogre
 10849 | D:8      | Killed a two-headed ogre
 11079 | D:8      | Found a bloodstained altar of Trog.
 11442 | D:8      | Killed an unseen horror
 11442 | D:8      | Reached skill level 11 in Fighting
 11768 | D:8      | Found an opulent altar of Gozag.
 11884 | D:8      | Found a sparkling altar of Nemelex Xobeh.
 11894 | D:8      | Found a snail-covered altar of Cheibriados.
 12398 | D:9      | Noticed a two-headed ogre
 12408 | D:9      | Killed a two-headed ogre
 12530 | D:9      | Reached XP level 11. HP: 122/122 MP: 14/14
 12767 | D:9      | Reached **** piety under Trog
 12859 | D:10     | Entered Level 10 of the Dungeon
 12869 | D:10     | Reached skill level 5 in Shields
 12928 | D:10     | Found a flagged portal.
 13002 | Bailey   | Entered a bailey
 13808 | Bailey   | Reached skill level 12 in Fighting
 14972 | D:10     | Killed an unseen horror
 15580 | D:10     | Found a staircase to the Lair.
 16065 | D:10     | Found a staircase to the Orcish Mines.
 16582 | D:11     | Noticed a two-headed ogre
 16594 | D:11     | Killed a two-headed ogre
 17437 | D:11     | Noticed a white ugly thing
 17448 | D:11     | Killed a white ugly thing
 17448 | D:11     | Reached ***** piety under Trog
 17448 | D:11     | Reached skill level 13 in Fighting
 17448 | D:11     | Reached XP level 12. HP: 44/136 MP: 15/15
 18213 | Lair:1   | Entered Level 1 of the Lair of Beasts
 19357 | Lair:2   | Found a gate leading to a gauntlet.
 19368 | Gauntlet | Entered a Gauntlet
 19368 | Gauntlet | Found a transporter.
 19368 | Gauntlet | Found a transporter.
 19368 | Gauntlet | Found a transporter.
 19368 | Gauntlet | Noticed a death scarab
 19369 | Gauntlet | Found a transporter.
 19370 | Gauntlet | Found a transporter.
 19373 | Gauntlet | Found a transporter.
 19379 | Gauntlet | Found a transporter.
 19381 | Gauntlet | Found a transporter.
 19382 | Gauntlet | Found a transporter.
 19384 | Gauntlet | Found a transporter.
 19395 | Gauntlet | Found a transporter.
 19396 | Gauntlet | Found a transporter.
 19398 | Gauntlet | Found the +7 sceptre of Torment {pain, torment}
 19422 | Gauntlet | Noticed a two-headed ogre
 19422 | Gauntlet | a redback changed into a two-headed ogre
 19423 | Gauntlet | a two-headed ogre changed into a mana viper
 19710 | Gauntlet | Reached skill level 1 in Armour
 19754 | Gauntlet | Got a flickering jade ring
 19928 | Gauntlet | Identified the +4 falchion of Zoahy {drain, rElec rF+ SInv
                  | Stlth+}
 19928 | Gauntlet | Noticed a minotaur
 19938 | Gauntlet | Killed a minotaur
 19945 | Gauntlet | Got a warped robe
 19992 | Lair:2   | Noticed a four-headed hydra
 20007 | Lair:2   | Killed a four-headed hydra
 20457 | Lair:2   | Identified the cursed ring of Ateczud {rPois Int-4} (You
                  | found it in a Gauntlet)
 20892 | Lair:3   | Found a hole to the Spider Nest.
 21206 | Lair:3   | Reached XP level 13. HP: 144/144 MP: 16/16
 21226 | Lair:3   | Reached skill level 14 in Fighting
 21226 | Lair:3   | Reached skill level 15 in Axes
 21315 | Lair:3   | Found a runed translucent door.
 21316 | Lair:3   | Identified the +6 spear of Rotation {drain, *Rage rC- Str+2
                  | Dex+7}
 22132 | Lair:3   | Noticed Irhican's ghost (journeyman MiBe)
 22463 | Lair:4   | Identified the +2 robe "Atsyreje" {*Slow MR+ Str+4} (You
                  | found it in a Gauntlet)
 22543 | Lair:4   | Reached skill level 5 in Dodging
 22607 | Lair:4   | Found a staircase to the Shoals.
 22746 | Lair:4   | Noticed Urug
 22775 | Lair:4   | Killed Urug
 23586 | Lair:5   | Reached XP level 14. HP: 157/157 MP: 15/17
 24007 | Lair:5   | Reached skill level 5 in Armour
 24010 | Lair:5   | Reached skill level 15 in Fighting
 24219 | Lair:5   | Noticed Sonja
 24244 | Lair:5   | Killed Sonja
 25257 | Lair:6   | Entered Level 6 of the Lair of Beasts
 26287 | Lair:6   | Noticed Snorg
 26297 | Lair:6   | Killed Snorg
 26747 | Lair:6   | Found a viscous altar of Jiyva.
 26747 | Lair:6   | Found a staircase to the Slime Pits.
 26943 | Lair:6   | Received a gift from Trog
 27338 | Orc:1    | Entered Level 1 of the Orcish Mines
 27519 | Orc:2    | Entered Level 2 of the Orcish Mines
 27786 | Orc:1    | Noticed Gastronok
 27794 | Orc:1    | Reached XP level 15. HP: 169/169 MP: 18/18
 27807 | Orc:1    | Killed Gastronok
 28080 | Orc:2    | Found Disesuh's Assorted Antiques.
 28086 | Orc:2    | Found a staircase to the Elven Halls.
 28089 | Orc:2    | Bought a scroll of identify for 48 gold pieces
 28089 | Orc:2    | Bought a scroll of fog for 48 gold pieces
 28089 | Orc:2    | Bought a metallic cyan potion for 21 gold pieces
 28251 | Orc:2    | Reached skill level 10 in Shields
 28255 | Orc:2    | Reached skill level 16 in Fighting
 28479 | Orc:2    | Found a burning altar of Makhleb.
 28562 | Orc:2    | Found Ulof's Book Shop.
 28562 | Orc:2    | Found Zotac's Gadget Shoppe.
 28562 | Orc:2    | Found Jessisk's Assorted Antiques.
 28562 | Orc:2    | Found Tiubydit's Weapon Shop.
 28569 | Orc:2    | Bought a lumpy blue potion for 27 gold pieces
 28569 | Orc:2    | Bought a runed emerald amulet for 155 gold pieces
 28569 | Orc:2    | Bought a fuming yellow potion for 27 gold pieces
 28777 | Orc:2    | Bought a glowing cloak for 180 gold pieces
 29391 | D:12     | Identified 2 scrolls of acquirement
 29395 | D:12     | Found the +1 cloak of Starlight {rElec rC+ EV+4 Stlth--}
 29395 | D:12     | Got the +1 cloak of Starlight {rElec rC+ EV+4 Stlth--}
 30471 | D:13     | Noticed Erolcha
 30479 | D:13     | Killed Erolcha
 30572 | D:13     | Noticed Jorgrun
 30578 | D:13     | Killed Jorgrun
 30578 | D:13     | Reached skill level 10 in Dodging
 30578 | D:13     | Reached XP level 16. HP: 145/182 MP: 19/19
 31414 | D:14     | Reached skill level 17 in Fighting
 31560 | D:14     | Received a gift from Trog
 31630 | D:14     | Found a blossoming altar of Fedhas.
 31818 | D:14     | Found a gate to the Vaults.
 32077 | D:15     | Entered Level 15 of the Dungeon
 32892 | D:15     | Found a staircase to the Depths.
 33137 | D:15     | Found a bloodstained altar of Trog.
 33449 | Spider:1 | Entered Level 1 of the Spider Nest
 33463 | Spider:1 | Reached skill level 18 in Fighting
 33634 | Spider:1 | Reached ****** piety under Trog
 33661 | Spider:1 | Received a gift from Trog
 33917 | Spider:1 | Reached XP level 17. HP: 55/196 MP: 20/20
 35616 | Spider:2 | Received a gift from Trog
 36032 | Spider:3 | Reached skill level 1 in Evocations
 36052 | Spider:3 | Reached skill level 19 in Fighting
 37260 | Spider:3 | Noticed Donald
 37280 | Spider:3 | Killed Donald
 37546 | Spider:4 | Entered Level 4 of the Spider Nest
 37618 | Spider:4 | Received a gift from Trog
 37660 | Spider:4 | Found a frozen archway.
 37686 | IceCv    | Entered an ice cave
 38510 | IceCv    | Noticed an Ice Fiend
 38539 | IceCv    | Killed an Ice Fiend
 38539 | IceCv    | Reached XP level 18. HP: 210/210 MP: 21/21
 38956 | Spider:4 | Received a gift from Trog
 39129 | Spider:4 | Reached skill level 20 in Fighting
 40260 | Spider:4 | Got a gossamer rune of Zot
 40410 | Shoals:1 | Entered Level 1 of the Shoals
 40415 | Shoals:1 | Found Ceed's Weapon Boutique.
 40901 | Shoals:1 | Received a gift from Trog
 41461 | Shoals:1 | Reached skill level 5 in Evocations
 42129 | Shoals:2 | Noticed Polyphemus
 42137 | Shoals:1 | Reached skill level 21 in Fighting
 42406 | Elf:1    | Entered Level 1 of the Elven Halls
 42573 | Elf:1    | Reached XP level 19. HP: 199/223 MP: 22/22
 42577 | Elf:1    | Received a gift from Trog
 43873 | Elf:2    | Found a runed translucent gate.
 43873 | Elf:2    | Found a runed translucent gate.
 43873 | Elf:2    | Found a runed translucent gate.
 43875 | Elf:2    | Reached skill level 22 in Fighting
 43978 | Elf:2    | Found Eggoasod's Jewellery Boutique.
 43981 | Elf:2    | Noticed Louise
 44002 | Elf:2    | Killed Louise
 44015 | Elf:2    | Noticed Aizul
 44047 | Elf:2    | Killed Aizul
 44133 | Elf:2    | Received a gift from Trog
 44939 | Elf:2    | Received a gift from Trog
 45270 | Elf:3    | Entered Level 3 of the Elven Halls
 45284 | Elf:3    | Found Poritet's Food Shop.
 45768 | Elf:3    | Reached XP level 20. HP: 231/239 MP: 23/23
 45983 | Elf:3    | Reached skill level 23 in Fighting
 46302 | Elf:3    | Received a gift from Trog
 46619 | Elf:3    | Reached skill level 15 in Shields
 46797 | Elf:3    | Identified the +1 leather armour of Lust {*Drain rPois
                  | rCorr}
 46806 | Elf:3    | Found the +2 ratskin cloak {+Rats rPois rN+ Str-1 Int-1
                  | Dex+1}
 46819 | Elf:3    | Received a gift from Trog
 46819 | Elf:3    | Reached skill level 10 in Armour
 47256 | Vaults:1 | Entered Level 1 of the Vaults
 47376 | Vaults:1 | Reached skill level 24 in Fighting
 47986 | Vaults:1 | Reached skill level 25 in Fighting
 47988 | Vaults:1 | Received a gift from Trog
 48119 | Vaults:1 | Reached XP level 21. HP: 257/257 MP: 24/24
 48818 | Vaults:1 | Identified the Compendium of Transmigration and Clay
 49288 | Vaults:2 | Reached skill level 26 in Fighting
 49518 | Vaults:2 | Reached skill level 1 in Throwing
 49625 | Vaults:2 | Received a gift from Trog
 49876 | Vaults:2 | Found Nudadis's Magic Scroll Shoppe.
 49883 | Vaults:2 | Bought a scroll of enchant weapon for 120 gold pieces
 49883 | Vaults:2 | Bought a scroll of teleportation for 48 gold pieces
 49883 | Vaults:2 | Bought a scroll of brand weapon for 320 gold pieces
 50283 | Vaults:2 | Found a staircase to the Crypt.
 50283 | Vaults:2 | Found an ancient bone altar of Kikubaaqudgha.
 50284 | Vaults:2 | Found a basalt altar of Yredelemnul.
 51628 | Vaults:3 | Found Vivvi's Distillery.
 51631 | Vaults:3 | Bought a potion of heal wounds for 70 gold pieces
 51631 | Vaults:3 | Bought a potion of might for 56 gold pieces
 51631 | Vaults:3 | Bought a potion of invisibility for 112 gold pieces
 51631 | Vaults:3 | Bought 2 potions of lignification for 84 gold pieces
 52071 | Vaults:3 | Reached XP level 22. HP: 273/273 MP: 25/25
 52295 | Vaults:3 | Received a gift from Trog
 52844 | Vaults:4 | Noticed Jory
 52864 | Vaults:4 | Killed Jory
 52877 | Vaults:4 | Reached skill level 5 in Throwing
 53609 | Vaults:4 | Reached skill level 27 in Fighting
 54057 | Vaults:4 | Received a gift from Trog
 54078 | Vaults:4 | Reached skill level 15 in Dodging
 54839 | Vaults:4 | Paralysed by a hornet for 1 turns
 55512 | Shoals:2 | You fall into a shaft and drop 1 floor!
 55584 | Shoals:2 | Killed Polyphemus
 56283 | Shoals:2 | Noticed Ilsuiw
 56286 | Shoals:2 | Noticed Nikola
 56292 | Shoals:2 | Received a gift from Trog
 56305 | Shoals:2 | Killed Ilsuiw
 56310 | Shoals:2 | Killed Nikola
 56764 | Shoals:3 | Reached XP level 23. HP: 213/284 MP: 26/26
 57758 | Shoals:4 | Entered Level 4 of the Shoals
 57763 | Shoals:4 | Noticed Mara
 57796 | Shoals:3 | Killed Mara
 58337 | Shoals:4 | Received a gift from Trog
 58352 | Shoals:4 | Got a jewelled quick blade {god gift}
 58353 | Shoals:4 | Identified the +5 quick blade of the Lame Duck {vorpal,
                  | MR+} (Trog gifted it to you on level 4 of the Shoals)
 58897 | Shoals:4 | Got a barnacled rune of Zot
 59844 | Depths:1 | Entered Level 1 of the Depths
 59861 | D:15     | Received a gift from Trog
 60071 | Depths:1 | Reached skill level 10 in Throwing
 60540 | Depths:1 | Noticed Bai Suzhen
 60569 | D:15     | Killed Bai Suzhen
 60974 | Depths:1 | Received a gift from Trog
 61108 | Depths:1 | Found a one-way gate leading to the halls of Pandemonium.
 61198 | Depths:1 | Found a gateway to Hell.
 61275 | Depths:1 | Got a crude war axe
 61361 | Depths:1 | Identified the cursed +3 war axe of Ziqeh {vorpal, rElec
                  | rPois rF+} (You found it on level 1 of the Depths)
 62216 | Depths:2 | Noticed a golden dragon
 62222 | Depths:2 | Reached XP level 24. HP: 292/295 MP: 26/26
 62682 | Depths:2 | Paralysed by a floating eye for 4 turns
 62689 | Depths:2 | Paralysed by a floating eye for 4 turns
 62704 | Depths:2 | Paralysed by a floating eye for 2 turns
 63072 | Depths:3 | Noticed Asterion
 63076 | Depths:3 | Gained mutation: Your body sometimes deteriorates upon
                  | taking damage. [a cacodemon]
 63105 | Depths:3 | Killed Asterion
 63112 | Depths:3 | Lost mutation: Your body sometimes deteriorates upon taking
                  | damage. [potion of mutation]
 63112 | Depths:3 | Gained mutation: You are frail. (-10% HP) [potion of
                  | mutation]
 63112 | Depths:3 | Gained mutation: You are covered in fur. (AC +1) [potion of
                  | mutation]
 63113 | Depths:3 | Lost mutation: You are covered in fur. (AC +1) [potion of
                  | mutation]
 63113 | Depths:3 | Gained mutation: Your skin changes colour to match your
                  | surroundings (Stealth+). [potion of mutation]
 63113 | Depths:3 | Gained mutation: You have large cloven feet. [potion of
                  | mutation]
 63113 | Depths:3 | Gained mutation: You are partially covered in iridescent
                  | scales. (AC +2) [potion of mutation]
 63114 | Depths:3 | Lost mutation: You have large cloven feet. [potion of
                  | mutation]
 63114 | Depths:3 | Gained mutation: Your body sometimes deteriorates upon
                  | taking damage. [potion of mutation]
 63114 | Depths:3 | Gained mutation: You have large cloven feet. [potion of
                  | mutation]
 63115 | Depths:3 | Lost mutation: Your skin changes colour to match your
                  | surroundings (Stealth+). [potion of mutation]
 63115 | Depths:3 | Lost mutation: You are frail. (-10% HP) [potion of
                  | mutation]
 63115 | Depths:3 | Lost mutation: Your body sometimes deteriorates upon taking
                  | damage. [potion of mutation]
 63115 | Depths:3 | Lost mutation: You have large cloven feet. [potion of
                  | mutation]
 63115 | Depths:3 | Gained mutation: Scrolls take you a little longer to read.
                  | [potion of mutation]
 63115 | Depths:3 | Gained mutation: Your spells are a little harder to cast,
                  | but a little more powerful. [potion of mutation]
 63338 | Depths:3 | Received a gift from Trog
 64261 | Depths:3 | Received a gift from Trog
 65149 | Depths:4 | Found Tadwuek's Armour Shoppe.
 65150 | Depths:4 | Found a corrupted altar of Lugonu.
 65174 | Depths:4 | Found a one-way gate to the infinite horrors of the Abyss.
 65260 | Depths:4 | Reached XP level 25. HP: 79/304 MP: 8/26
 66055 | Depths:4 | Noticed an ancient lich
 66076 | Depths:4 | Killed an ancient lich
 66081 | Depths:4 | Noticed a juggernaut
 66148 | Depths:4 | Killed a juggernaut
 66460 | Depths:4 | Reached skill level 15 in Armour
 66755 | Depths:4 | Found a gateway to a ziggurat.
 66767 | Depths:4 | Noticed Margery
 66806 | Depths:4 | Killed Margery
 67294 | Depths:4 | Found a shimmering altar of Xom.
 67403 | Depths:4 | Found an ornate altar of the Wu Jian Council.
 67403 | Depths:4 | Found a shadowy altar of Dithmenos.
 67405 | Depths:4 | Found a stormy altar of Qazlal.
 67405 | Depths:4 | Found a bloodstained altar of Trog.
 67405 | Depths:4 | Found a bloodstained altar of Trog.
 67475 | Depths:5 | Entered Level 5 of the Depths
 67645 | Depths:5 | Got an ivory shortbow
 67686 | Depths:5 | Paralysed by a floating eye for 3 turns
 68729 | Depths:5 | Found a gate to the Realm of Zot.
 68826 | Depths:5 | Reached XP level 26. HP: 259/314 MP: 8/26
 69024 | Depths:5 | Reached skill level 15 in Throwing
 69776 | Vaults:5 | Entered Level 5 of the Vaults
 69784 | Vaults:5 | Received a gift from Trog
 70069 | Vaults:5 | Received a gift from Trog
 70229 | Vaults:5 | Identified the ring of Fuital {rN+ Slay+4 SInv}
 70238 | Vaults:5 | Identified the ring of Vehumet's Delight {+Inv rCorr Slay-5
                  | Stlth+}
 70551 | Vaults:5 | Identified the +5 scimitar "Ackifuew" {flame, MR+}
 70719 | Vaults:5 | Got a silver rune of Zot
 70808 | Vaults:5 | Got a scorched falchion
 70944 | Vaults:5 | Identified the ring "Foziuj" {rN+ rCorr}
 71381 | Vaults:5 | Received a gift from Trog
 71477 | Vaults:5 | Got a jewelled hand axe
 71521 | Vaults:5 | Reached XP level 27. HP: 323/323 MP: 8/26
 71531 | Vaults:5 | Identified the cursed +2 falchion of Armageddon {vorpal,
                  | +Blink rElec rN+ Dex+6}
 71545 | Vaults:5 | Identified the +9 rapier of the Apocalypse {freeze, rPois
                  | rF+ rN++ Str-4}
 72025 | Vaults:5 | Identified the cursed +1 arbalest of Defiance {flame, *Slow
                  | rC+ Int+3}
 72714 | Zot:1    | Entered Level 1 of the Realm of Zot
 73554 | Zot:1    | Received a gift from Trog
 74964 | Zot:2    | Noticed an orb of fire
 74964 | Zot:2    | Gained mutation: You are occasionally teleported next to
                  | monsters. [an orb of fire]
 74986 | Zot:2    | Killed an orb of fire
 74988 | Zot:2    | Lost mutation: Your spells are a little harder to cast, but
                  | a little more powerful. [potion of mutation]
 74988 | Zot:2    | Lost mutation: You are occasionally teleported next to
                  | monsters. [potion of mutation]
 74988 | Zot:2    | Gained mutation: You have a pair of small horns on your
                  | head. [potion of mutation]
 74988 | Zot:2    | Gained mutation: Your system is resistant to poisons.
                  | (rPois) [potion of mutation]
 74991 | Zot:2    | Noticed an orb of fire
 74991 | Zot:2    | Noticed an orb of fire
 74991 | Zot:2    | Gained mutation: You are partially covered in thin metallic
                  | scales. (AC +2) [an orb of fire]
 74993 | Zot:2    | Gained mutation: Armour fits poorly on your strangely
                  | shaped body. [an orb of fire]
 75009 | Zot:2    | Killed an orb of fire
 75024 | Zot:2    | Killed an orb of fire
 76210 | Zot:3    | Received a gift from Trog
 78423 | Zot:4    | Found the +4 robe of Augmentation {Str+4 Int+4 Dex+4}
 78730 | Zot:5    | Entered Level 5 of the Realm of Zot
 79623 | Zot:5    | Noticed an orb of fire
 79628 | Zot:5    | Gained mutation: You are clumsy. (Dex -2) [an orb of fire]
 79634 | Zot:5    | Noticed an orb of fire
 79636 | Zot:5    | Gained mutation: Your flesh is cold resistant. (rC+) [an
                  | orb of fire]
 79637 | Zot:5    | Gained mutation: You do not regenerate when monsters are
                  | visible. [an orb of fire]
 79639 | Zot:5    | Killed an orb of fire
 79644 | Zot:5    | Received a gift from Trog
 79653 | Zot:5    | Killed an orb of fire
 79906 | Zot:5    | Noticed an orb of fire
 79937 | Zot:5    | Gained mutation: Scrolls take you longer to read. [an orb
                  | of fire]
 79962 | Zot:5    | Killed an orb of fire
 80804 | Zot:5    | Noticed an ancient lich
 80815 | Zot:5    | Killed an ancient lich
 81211 | Zot:5    | Noticed an ancient lich
 81233 | Zot:5    | Killed an ancient lich
 81913 | Zot:5    | Lost mutation: Scrolls take you longer to read. [potion of
                  | mutation]
 81913 | Zot:5    | Lost mutation: Your system is resistant to poisons. (rPois)
                  | [potion of mutation]
 81913 | Zot:5    | Lost mutation: You are clumsy. (Dex -2) [potion of
                  | mutation]
 81913 | Zot:5    | Gained mutation: You evolve. [potion of mutation]
 81913 | Zot:5    | Gained mutation: Potions are less effective at restoring
                  | your health. [potion of mutation]
 81913 | Zot:5    | Gained mutation: You have sharp fingernails. [potion of
                  | mutation]
 81988 | Zot:5    | Got the Orb of Zot
 82116 | Zot:3    | Noticed Locus the pandemonium lord
 82438 | D:11     | Noticed Lineoruw the pandemonium lord
 82655 | D:$      | Escaped with the Orb!

Illustrated notes

Levels and vault maps discovered:
D:1:      scummos_arrival_checkerplants, layout_basic, hangedman_glass_teeth,
          minmay_misc_feat_x, roderic_cross_of_infinity, corexii_corridor_pit
D:2:      layout_loops_cross, hex_large
D:3:      minmay_razor_zed, layout_loops_ring, chequers_ecumenical_altar_island,
          uniq_natasha, uniq_terence
D:4:      layout_basic, first_ration, portal_sewer_entry_e, uniq_edmund
D:5:      layout_loops_cross, lemuel_zombie_altar_yredelemnul,
          nicolae_overflow_hidden_temple, minmay_temple_entry_statues_pillars,
          minmay_misc_feat_alley
D:6:      layout_gridville, nicolae_overflow_crystal_walls,
          kennysheep_little_box, kennysheep_mini, marbit_many_paths, basic_altar
D:7:      layout_rooms, makhleb_heckhound_becter, grunt_livestock, uniq_joseph
D:8:      layout_basic, kennysheep_mini_moat, amethyst_overflow_temple_binary,
          basic_altar
D:9:      layout_roguey
D:10:     layout_loops_cross, david_lair_shrubbed, david_orc_4, enter_bailey_3
D:11:     layout_stronghold, st_stairs_3, nrook_loot_triangle
D:12:     layout_gridville, serial_rivers, chequers_serial_rivers_micro_e,
          chequers_serial_rivers_large_a, chequers_serial_rivers_micro_e,
          chequers_serial_rivers_micro_d
D:13:     layout_gridville, lightli_fourway_metalbox, uniq_jorgrun, uniq_erolcha
D:14:     layout_basic, david_vaults_4, fedhas_altar_2, serial_curves,
          eino_curves_02, eino_curves_04, hex_medium
D:15:     hangedman_depths_entry_try_elsewhere_first, layout_long_grid,
          chequers_serial_rivers_marsh, trog_wizard
Lair:1:   layout_gridlike, lemuel_fruit_tree, serial_bayou_shore_a
Lair:2:   layout_misc_corridors, gauntlet_entry_generic,
          minmay_lair_oklob_chamber
Lair:3:   layout_cave_pods, spider_nest_entry_webs, ebering_ghost_funeral_grove,
          cheibrodos_lair_lostbears
Lair:4:   layout_loops_ring, elwin_shoals_entry_rocks, hibernation_bobbens,
          uniq_urug
Lair:5:   layout_regular_city, chequers_serial_rivers_small_b,
          grunt_megastairs_4, uniq_sonja
Lair:6:   evilmike_catoblepas_cave, layout_layer_cave,
          dpeg_slime_entry_enclosed_altar, grunt_megastairs_5,
          lemuel_fruit_fields, uniq_snorg
Shoals:1: cheibrodos_shoals_epimethial_gifts, layout_shoals, serial_shops,
          shop_fountains
Shoals:2: layout_shoals, hangedman_shoal_volcano, uniq_nikola, uniq_polyphemus,
          uniq_ilsuiw
Shoals:3: layout_shoals
Shoals:4: shoals_end_hangedman, layout_shoals, uniq_mara
Spider:1: layout_spider_delve, hangedman_spider_mandibles
Spider:2: layout_chambers
Spider:3: layout_chambers, uniq_donald
Spider:4: grunt_spider_rune_island, portal_ice_cave_entry_dragon
Orc:1:    layout_diamond_mine, nicolae_orc_rockfall, uniq_gastronok
Orc:2:    st_orc_ogre_mass, layout_diamond_mine, serial_shops, shop, basic_altar
Elf:1:    layout_rooms, serial_sigils, serial_sigils_hangedman_writhe,
          serial_sigils_hangedman_confine, serial_sigils_hangedman_shear,
          serial_sigils_hangedman_leer, serial_sigils_hangedman_shear,
          minmay_elf_annihilation, st_stairs_11
Elf:2:    layout_onion_city, serial_shops, shop, uniq_louise, uniq_aizul
Elf:3:    grunt_elf_hall_asides, layout_gridlike, serial_shops,
          nicolae_shop_waterfront, minivault_19, guppyfry_elf_castle
Vaults:1: vaults_room_large_hall, vaults_room_grunt_arrival_ludios, v_rooms_2,
          grunt_vaults_funnel, vaults_room_hangedman_quadrants,
          grunt_vaults_swirl, grunt_vaults_hallway_short,
          nicolae_vaults_little_squares_6, grunt_vaults_diagonal,
          nicolae_vaults_angled_halls, ontoclasm_vaults_eye, v_alt_pattern_5,
          ontoclasm_vaults_gateway, v_alt_pattern_4, nicolae_vaults_theta,
          layout_vaults_ring
Vaults:2: v_rooms_6, hangedman_vaults_river_flow, v_misc_27, v_misc_14,
          minmay_crypt_entry_necro_gods, vaults_mumra_minichess_inversion,
          nicolae_vaults_inception_scallops, ontoclasm_vaults_decontamination,
          hangedman_vaults_corner_blocks, vaults_mumra_hexcomb,
          nicolae_vaults_windows_and_doors_thing,
          nicolae_vaults_ring_of_whatevers, nicolae_vaults_little_squares_3,
          vaults_room_grid, nicolae_vaults_ring_of_whatevers,
          layout_vaults_maze, serial_shops, shop
Vaults:3: hangedman_vaults_restitches, nicolae_vaults_rhombus_7,
          vaults_room_grid, vaults_standard_mumra_x, v_pattern_2,
          nicolae_vaults_mini_display_case, nicolae_vaults_yaktaur_gun_rack,
          vaults_room_stairs_pillars, vaults_room_stairs_pillars,
          layout_vaults_omnigrid, serial_shops, nicolae_shop_behind_doors
Vaults:4: nicolae_vaults_alarming, v_misc_8, hangedman_vaults_slice,
          nicolae_vaults_little_squares_1, vaults_dpeg_encased_lava,
          hangedman_vaults_maws, vaults_room_corners, st_spiral_rooms,
          hangedman_vaults_trim, v_misc_13, vaults_standard_mumra_lines,
          layout_vaults_big_room, uniq_jory
Vaults:5: serial_shops
Depths:1: layout_cave_pools, minmay_misc_feat_doors, grunt_hell_entry_dis_mu,
          pan_entry, chequers_serial_rivers_room_a,
          hangedman_cracks_in_the_wall, uniq_bai_suzhen
Depths:2: evilmike_pillar_path, layout_cave_shapes, rand_demon_pan_entry_3,
          pf_hell_entry_tar_spiral, minmay_misc_feat_roman,
          infiniplex_staircase_zigzag_4
Depths:3: minmay_the_grid_octo_2x2 [minmay_the_grid_octo_thin_diamonds,
          minmay_the_grid_octo_pinwheel, minmay_the_grid_octo_77,
          minmay_the_grid_octo_prize_big_c], layout_cave_shapes, hell_entry,
          grunt_pan_entry_spiral, kennysheep_kite_vault, uniq_asterion
Depths:4: minmay_tile_spiral, layout_gridlike, enter_ziggurat_c, pan_entry,
          serial_shops, nicolae_shop_crystal, hell_entry,
          ebering_dispersal_statue_hall, abyss_entry_flame_altar,
          hangedman_abyss_or_decor_jellyfish_corner, doesnt_xom_only_xom,
          infiniplex_staircase_spiral_double, uniq_margery
Depths:5: evilmike_zot_entry_diamond, layout_gridlike, hell_entry,
          grunt_megastairs_3
Zot:1:    layout_twisted_circle, st_single_dragon_hoard_4
Zot:2:    kennysheep_spiral_hall, layout_gridlike, lemuel_lake_of_fire
Zot:3:    kennysheep_room_grid, layout_gridlike, hangedman_zot_decor_tridents
Zot:4:    layout_gridville, hangedman_zot_decor_checkerboard
Zot:5:    layout_gridlike

Skill      XL: |  1  2  3  4  5  6  7  8  9 10 11 12 13 14 15 16 17 18 19 20 21 22 23 24 25 26 27 |
---------------+----------------------------------------------------------------------------------+-----
Fighting       | 3 4 5 6 7 8 10 11 13 14 15 16 18 19 21 22 25 26 27 | 27.0
Axes           | 3 4 5 6 7 9 11 12 13 14 15 17 18 | 18.0
Shields        | 2 4 6 7 8 9 10 12 13 14 15 | 15.0
Armour         | 2 4 5 6 7 9 10 12 13 14 15 16 19 | 19.9
Dodging        | 3 5 7 10 12 13 14 15 16 17 18 19 22 | 22.6
Evocations     | 3 5 |  5.0
Throwing       | 4 8 11 13 14 16 20 | 20.7
Spellcasting   | |  2.4
Charms         | |  2.6

Action                   |  1- 3 |  4- 6 |  7- 9 | 10-12 | 13-15 | 16-18 | 19-21 | 22-24 | 25-27 || total
-------------------------+-------+-------+-------+-------+-------+-------+-------+-------+-------++-------
Melee: Hand axe          |   128 |   221 |   436 |       |       |       |       |       |       ||   785
       War axe           |       |       |    40 |   501 |       |       |       |       |       ||   541
       Broad axe         |       |       |       |   326 |   990 |  1521 |  1437 |  1684 |  2280 ||  8238
       Flail             |       |       |       |    12 |       |       |       |       |       ||    12
       Headbutt          |       |       |       |       |       |       |       |       |   243 ||   243
Throw: Large rock        |       |       |       |       |     9 |    24 |       |    39 |    16 ||    88
       Throwing net      |       |       |       |       |     5 |       |       |       |     5 ||    10
       Javelin           |       |       |       |       |       |    14 |     5 |    19 |    16 ||    54
Invok: Berserk           |       |     4 |    10 |    12 |     3 |     5 |       |     1 |       ||    35
       Trog's Hand       |       |       |     1 |     6 |     9 |     9 |    13 |    20 |    13 ||    71
       Brothers in Arms  |       |       |       |     2 |     8 |     6 |     3 |     5 |     7 ||    31
  Use: Scroll            |       |     4 |    13 |    10 |     6 |     9 |     5 |    16 |    13 ||    76
       Potion            |       |       |       |     6 |     1 |     6 |       |     8 |    17 ||    38
 Stab: Sleeping          |       |       |       |     1 |       |       |       |       |       ||     1
       Held in net/web   |       |       |       |       |     1 |       |       |       |     1 ||     2
       Petrified         |       |       |       |       |     8 |       |       |       |       ||     8
       Petrifying        |       |       |       |       |     2 |       |       |       |       ||     2
       Distracted        |       |       |       |       |     1 |     2 |     2 |     2 |     1 ||     8
  Eat: Chunk             |     3 |    10 |    19 |    33 |    35 |    26 |    36 |    39 |    29 ||   230
       Ration            |       |     1 |     2 |     5 |     2 |     7 |     1 |     5 |    12 ||    35
Armor: Robe              |    40 |    52 |   155 |   155 |       |       |       |       |       ||   402
       Skin              |       |       |       |     6 |       |    28 |       |    14 |       ||    48
       Troll leather arm |       |       |       |   110 |   201 |   312 |    83 |       |       ||   706
       Fire dragon scale |       |       |       |       |       |       |    74 |   177 |       ||   251
       Gold dragon scale |       |       |       |       |       |       |       |   189 |   851 ||  1040
Dodge: Dodged            |    64 |   134 |   192 |   163 |   219 |   583 |   318 |   469 |   603 ||  2745
Block: Tower shield      |       |       |    54 |   666 |   745 |  1729 |  1208 |  1704 |  2271 ||  8377
       Reflection        |       |       |       |       |    18 |    44 |   140 |   116 |    80 ||   398
